 Dungeon Crawl Stone Soup version 0.30-a0-121-gb27577e5d9 (webtiles) character file.

Game seed: 9101479904947645123

270 MisterAzrael the Slasher (level 6, -1/51 HPs)
             Began as a Minotaur Fighter on Sept 14, 2022.
             Slain by an ogre
             ... wielding a +0 giant club
              (18 damage)
             ... on level 4 of the Dungeon.
             The game lasted 00:02:40 (2766 turns).

MisterAzrael the Slasher (Minotaur Fighter)         Turns: 2766, Time: 00:02:40

Health: -1/51      AC: 11    Str: 22    XL:     6   Next: 1%
Magic:  5/5        EV:  6    Int:  5    God:
Gold:   147        SH:  4    Dex: 10    Spells: 5/5 levels left

rFire   x . .      SeeInvis .    a - +0 long sword
rCold   + . .      Faith    .    c - +0 buckler
rNeg    . . .      Spirit   .    o - +0 plate armour
rPois   .          Reflect  .    (helmet restricted)
rElec   .          Harm     .    (no cloak)
rCorr   .          Rampage  .    (no gloves)
Will    .....                    (no boots)
Stlth   ..........               (no amulet)
HPRegen 0.17/turn                f - ring of ice
MPRegen 0.09/turn                (no ring)

@: no status effects
A: horns 2, retaliatory headbutt
a: no special abilities


You were on level 4 of the Dungeon.
You visited 1 branch of the dungeon, and saw 4 of its levels.

You collected 147 gold pieces.

Inventory:

Hand Weapons
 a - a +0 long sword (weapon)
Armour
 b - a +0 scale mail
 c - a +0 buckler (worn)
 o - a +0 plate armour (worn)
Jewellery
 f - a ring of ice (left hand)
Scrolls
 e - 3 scrolls of identify {unknown}
 g - 3 scrolls of enchant armour {unknown}
 h - 2 scrolls of teleportation {unknown}
 k - 2 scrolls of magic mapping {unknown}
 l - a scroll of poison {unknown}
 m - a scroll of immolation {unknown}
 p - a scroll of fear {unknown}
Potions
 d - a potion of mutation {unknown}
 i - a potion of curing
 j - 2 potions of invisibility {unknown}
 n - a potion of flight {unknown}
 q - a potion of lignification {unknown}
 r - 2 potions of resistance {unknown}


   Skills:
 - Level 3.6 Fighting
 + Level 7.7 Long Blades
 - Level 3.6 Armour
 - Level 3.6 Shields


You had 5 spell levels left.
You didn't know any spells.
Your spell library contained the following spells:

 Spells                   Type           Power      Damage    Failure   Level
 Summon Small Mammal      Summ           0%         N/A       100%        1
 Call Canine Familiar     Summ           0%         N/A       100%        3
 Summon Guardian Golem    Hex/Summ       0%         N/A       100%        3


Dungeon Overview and Level Annotations

Branches:
Dungeon (4/15)
 Temple: D:4-7

Altars:
Ashenzari
Elyvilon
Nemelex Xobeh

Shops:
D:3 :[(:


Innate Abilities, Weirdness & Mutations

You have a pair of horns on your head.
You reflexively headbutt those who attack you in melee.


Message History

The adder attacks as you move away! The adder bites you but does no damage.
The goblin attacks as you move away! The goblin hits you but does no damage.
The goblin attacks as you move away! The goblin hits you but does no damage.
The ogre attacks as you move away! The ogre barely misses you.
The goblin attacks as you move away! The goblin hits you but does no damage.
It was a potion of curing.
You feel better. The goblin hits you but does no damage.
The adder closely misses you.
You slash the ogre! You headbutt the ogre!
The ogre is almost dead.
The adder bites you but does no damage. You block the goblin's attack.
The ogre hits you with a +0 giant spiked club.
The adder bites you.
You hit the ogre but do no damage.
The ogre is almost dead.
The goblin hits you with a +0 dagger. The adder bites you but does no damage.
The ogre hits you with a +0 giant club!
You slash the ogre!
You kill the ogre!
The adder bites you but does no damage. You block the goblin's attack.
The ogre barely misses you. The adder bites you.
The goblin hits you with a +0 dagger.
Your Long Blades skill increases to level 7!
You have reached level 6!
You barely miss the ogre. The adder bites you. You block the goblin's attack.
You slash the ogre!
The ogre is moderately wounded.
You block the adder's attack. The ogre hits you with a +0 giant club!
The goblin hits you but does no damage. The adder barely misses you.
You slash the ogre!
The ogre is severely wounded.
The adder completely misses you. You block the ogre's attack.
You block the goblin's attack.
You hit the ogre.
The ogre is almost dead.
The adder bites you but does no damage. The goblin hits you but does no damage.
You hit the ogre. Your headbutt misses the ogre.
The ogre is almost dead.
You block the adder's attack.
The ogre hits you with a +0 giant club!!
You die...

#.....#
###.....# ####
........###...#
..............#
...###........#
... #........#
.. #........# .
#........#
...###...@)...#
.........SgO...#
.##............#
#.........#.####
##.##..†........
#. #.##........
# #.##........
##.##........
#......#+#...


You could see an ogre, an adder and a goblin.

Vanquished Creatures
  An ogre (D:4)
  A hound (D:4)
  An iguana (D:4)
  Robin (D:2)
  4 adders
  A worm (D:3)
  4 dart slugs
  4 ball pythons
  8 endoplasms
  9 goblins
  8 hobgoblins
  4 jackals (D:1)
  7 quokkas
  4 bats (D:1)
  5 frilled lizards
  5 kobolds
  3 rats
70 creatures vanquished.

Notes
Turn   | Place    | Note
-------+----------+-------------------------------------------
     0 | D:1      | MisterAzrael the Minotaur Fighter began the quest for the
                  | Orb.
     0 | D:1      | Reached XP level 1. HP: 19/19 MP: 0/0
    91 | D:1      | Reached skill level 3 in Long Blades
   145 | D:1      | Reached XP level 2. HP: 26/26 MP: 1/1
   399 | D:1      | Reached skill level 4 in Long Blades
   422 | D:1      | Reached XP level 3. HP: 23/31 MP: 2/2
   984 | D:2      | Reached skill level 5 in Long Blades
  1115 | D:2      | Noticed Robin
  1124 | D:2      | Killed Robin
  1128 | D:2      | Reached XP level 4. HP: 21/39 MP: 3/3
  1785 | D:3      | Found a white marble altar of Elyvilon.
  1854 | D:3      | Found Ciumeunt's Book Emporium.
  1947 | D:3      | Found Reen's Book Shoppe.
  1983 | D:3      | Found Zeiwkude's Weapon Shop.
  2035 | D:3      | Found Piptoal's Antique Armour Emporium.
  2055 | D:3      | Reached skill level 6 in Long Blades
  2342 | D:3      | Found a sparkling altar of Nemelex Xobeh.
  2342 | D:3      | Found a broken altar of Ashenzari.
  2684 | D:4      | Reached XP level 5. HP: 39/45 MP: 4/4
  2743 | D:4      | Noticed an ogre
  2744 | D:4      | Noticed an ogre
  2761 | D:4      | Killed an ogre
  2762 | D:4      | Reached skill level 7 in Long Blades
  2762 | D:4      | Reached XP level 6. HP: 30/51 MP: 5/5
  2766 | D:4      | Slain by an ogre

Illustrated notes

Levels and vault maps discovered:
D:1:      dpeg_arrival_tiny_d, layout_basic, chequers_serial_rivers_micro_b
D:2:      layout_basic, uniq_robin
D:3:      layout_loops_cross, chequers_temple_overflow_statue_of_worship,
          serial_shops, nicolae_shop_hallway_plus, nicolae_shop_waterfront,
          shop_fountains, nicolae_shop_hallway_plus,
          nicolae_concentric_dashed_squares_wild, kennysheep_donut,
          minmay_misc_feat_x, kennysheep_nondescript, amethyst_killhole
D:4:      layout_basic, amcnicky_altar_gilded, enter_ossuary_2

Skill      XL: |  1  2  3  4  5 |
---------------+----------------+-----
Long Blades    | 3 4 5 6 7 |  7.7
Fighting       | |  3.6
Armour         | |  3.6
Shields        | |  3.6

Action                   |  1- 3 |  4- 6 || total
-------------------------+-------+-------++-------
Melee: Long sword        |    73 |    79 ||   152
       Headbutt          |    15 |    13 ||    28
  Use: Potion            |     1 |     1 ||     2
Armor: Scale mail        |    30 |    13 ||    43
       Plate armour      |       |    29 ||    29
Dodge: Dodged            |    44 |    38 ||    82
Block: Buckler           |    18 |    23 ||    41

Table legend: (Time is in decaauts)
 A = Elapsed time spent in this place.
 B = Non-inter-level travel time spent in this place.
 C = Inter-level travel time spent in this place.
 D = Time resting spent in this place.
 E = Time spent auto-exploring this place.
 F = Levels seen in this place.
 G = Mean time per level.
                   A        B        C        D        E       F      G
               +--------+--------+--------+--------+--------+-----+--------+
         Total |   2795 |   2732 |     63 |    201 |   2115 |   4 |  698.8 |
       Dungeon |   2795 |   2732 |     63 |    201 |   2115 |   4 |  698.8 |
               +--------+--------+--------+--------+--------+-----+--------+

Top non-repeatable levels by time:
     D:2: 1021 daAuts
     D:3: 853 daAuts
     D:1: 786 daAuts
     D:4: 134 daAuts
